 Dungeon Sprint DCSS version 0.24-a0-335-g06ca16af6c (webtiles) character file.

Game seed: 677542919665120088

11100000 Hercules1031 the Trollish Ballista (level 27, -9/323 HPs)
             Began as a Troll Warper on May 18, 2019.
             Was the Champion of Makhleb.
             Killed by divine providence
             ... invoked by an observer
              (12 damage)
             ... in the Dungeon (Sprint VIII: "Arena of Blood").
             The game lasted 00:05:05 (111 turns).

Hercules1031 the Trollish Ballista (Troll Warper)    Turns: 111, Time: 00:05:05

Health: -9/323     AC:  8    Str: 27    XL:     27
Magic:  44/53      EV: 31    Int:  9    God:    Makhleb [******]
Gold:   0          SH:  0    Dex: 18    Spells: 80/80 levels left

rFire    + . .     SeeInvis .   c - +∞ Axe of Woe
rCold    . . .     Gourm    +   (shield currently unavailable)
rNeg     . . .     Faith    .   b - +0 robe
rPois    .         Spirit   .   (helmet restricted)
rElec    .         Reflect  .   (no cloak)
rCorr    .         Harm     .   (gloves unavailable)
MR       ++...     NoTele   +   (boots unavailable)
Stlth    +++++++++.             (no amulet)
HPRegen  1.03/turn              l - ring of protection from fire
MPRegen  0.33/turn              (no ring)

@: hasted, very quick
A: large, unfitting armour, claws 3, fast metabolism 3, gourmand, regeneration
1, shaggy fur 1, tough skin 3
a: Minor Destruction, Lesser Servant of Makhleb, Major Destruction, Greater
Servant of Makhleb, Renounce Religion


You were in the Dungeon.
You worshipped Makhleb.
Makhleb was exalted by your worship.
You were not hungry.

You visited 1 branch

Inventory:

Hand Weapons
 a - a +0 hand axe
 c - the +∞ Axe of Woe (weapon)
   (You found it in the Dungeon)
Missiles
 e - 5 boomerangs of dispersal (quivered)
Armour
 b - a +0 robe (worn)
Jewellery
 l - a ring of protection from fire (left claw)
Scrolls
 d - a scroll of blinking
Potions
 g - a potion of curing
 h - a potion of heal wounds
 j - 2 potions of magic
 k - a potion of berserk rage
Comestibles
 f - 2 rations


   Skills:
 O Level 27 Fighting
 O Level 27 Axes
 O Level 27 Throwing
 O Level 27 Armour
 O Level 27 Dodging
 O Level 27 Stealth
 O Level 27 Unarmed Combat
 O Level 27 Spellcasting
   Level 2.1 Translocations
 O Level 27 Invocations


You had 80 spell levels left.
You didn't know any spells.
Your spell library contained the following spells:

 Spells                   Type           Power        Failure   Level  Hunger
 Blink                    Tloc           N/A          1%          2    None
 Shroud of Golubria       Chrm/Tloc      ##........   2%          2    None
 Gell's Gravitas          Tloc           ###.......   3%          3    None
 Lesser Beckoning         Tloc           ###.......   3%          3    None
 Teleport Other           Tloc           ###.....     3%          3    None
 Passage of Golubria      Tloc           N/A          11%         4    #......


Dungeon Overview and Level Annotations

Branches:
Dungeon (1/1)

Altars:
Makhleb

Annotations:
D The Servant


Innate Abilities, Weirdness & Mutations

You are too large for most types of armour.
You have claws for hands.
Your metabolism is lightning-fast.
You like to eat raw meat.
Your natural rate of healing is unusually fast.
You are covered in fur. (AC +1)
You have extremely tough skin. (AC +3)


Message History

You cleave something in twain.
Makhleb accepts your kill.
You feel better.
You feel a bit more experienced.
The meat beast screeches, "I shall devour thy liver!"
You hear a shout!
You feel something staring at you. Something smites you!
The eight-headed meat hydra calls on the powers of darkness!
The eight-headed meat hydra convulses! x2
Something is bathed in an unholy light! x2; The large bag of meat convulses!
The meat berserker convulses!
Something is bathed in an unholy light!
The meat berserker convulses!
Something is bathed in an unholy light!
Your body is wracked with pain!
The Servant hits you from afar with a +9 glaive of flaming!!!!
* * * LOW HITPOINT WARNING * * *
The Servant burns you!
* * * LOW HITPOINT WARNING * * *
A meat beast comes into view.
You feel something staring at you. Something smites you!
You die...

....#.2 #......M.
#X..o.o.o.#. #X..OOO.
.. .#...
#X.XXX....#......
#.@oo#.....§.....
##L.2.##.......#..
##@)){.%#.....#....
##2#2)))..###.......
##○##O)).)##.o.o#....
##☼###...%#.)..Vo.)#))
##)##
#..2O#))....)§§oo
##)##
#...O.....O.)§§V) #.##
#............☼.o. ###
#....DDL.......§.
#...%.....#......


You could see an accursed, 2 tentacled monstrosities, 4 meat beasts, 2 tyrants,
The Servant, 2 eight-headed meat hydras, 2 large bags of meat, 4 large
abominations, 4 meat berserkers, 4 bags of meat and a friendly balrug.

Vanquished Creatures
  4 hell beasts (D)
  A greater mummy (D)
  A great orb of eyes (D)
  14 vampire knights (D)
  23 ogres (D)
  5 two-headed ogres (D)
  2 liches (D)
  2 hydras (D)
  68 orcs (D)
  4 skeletal warriors (D)
  4 small abominations (D)
  4 large abominations (D)
  3 crawling corpses (D)
135 creatures vanquished.

Vanquished Creatures (others)
  A crawling corpse (D)
1 creature vanquished.

Grand Total: 136 creatures vanquished

Notes
Turn   | Place    | Note
-------+----------+-------------------------------------------
     0 | D        | Found the +∞ Axe of Woe
     0 | D        | Hercules1031 the Troll Warper began the quest for the Orb.
     0 | D        | Reached XP level 1. HP: 19/19 MP: 1/1
     3 | D        | Noticed a meat berserker
     4 | D        | Became a worshipper of Makhleb the Destroyer
     5 | D        | Killed a meat berserker
     5 | D        | Reached XP level 2. HP: 52/52 MP: 2/2
     5 | D        | Reached XP level 3. HP: 59/59 MP: 3/3
     5 | D        | Reached XP level 4. HP: 68/68 MP: 4/4
     5 | D        | Reached XP level 5. HP: 76/76 MP: 5/5
     5 | D        | Reached XP level 6. HP: 85/85 MP: 6/6
     5 | D        | Reached XP level 7. HP: 93/93 MP: 7/7
     5 | D        | Reached XP level 8. HP: 102/102 MP: 8/8
     5 | D        | Reached XP level 9. HP: 110/110 MP: 9/9
     5 | D        | Reached XP level 10. HP: 119/119 MP: 10/10
     5 | D        | Reached XP level 11. HP: 127/127 MP: 11/11
     5 | D        | Reached XP level 12. HP: 136/136 MP: 12/12
     5 | D        | Reached XP level 13. HP: 144/144 MP: 13/13
     5 | D        | Noticed a meat berserker
     6 | D        | Noticed a bag of meat
     7 | D        | Noticed a bag of meat
     7 | D        | Noticed a bag of meat
     9 | D        | Noticed a meat berserker
    10 | D        | Noticed a bag of meat
    10 | D        | Noticed a meat berserker
    11 | D        | Killed a meat berserker
    11 | D        | Reached * piety under Makhleb
    11 | D        | Reached skill level 15 in Fighting
    11 | D        | Reached skill level 15 in Axes
    11 | D        | Reached skill level 15 in Armour
    11 | D        | Reached skill level 15 in Dodging
    11 | D        | Reached XP level 14. HP: 159/159 MP: 14/14
    11 | D        | Killed a bag of meat
    11 | D        | Noticed a meat berserker
    11 | D        | Noticed a bag of meat
    12 | D        | Noticed a bag of meat
    12 | D        | Noticed a bag of meat
    12 | D        | Noticed a bag of meat
    12 | D        | Noticed a bag of meat
    13 | D        | Noticed a meat berserker
    13 | D        | Killed a meat berserker
    13 | D        | Reached XP level 15. HP: 174/174 MP: 15/15
    13 | D        | Killed a meat berserker
    13 | D        | Reached ** piety under Makhleb
    13 | D        | Reached XP level 16. HP: 188/188 MP: 16/16
    13 | D        | Killed a meat berserker
    14 | D        | Noticed a meat berserker
    14 | D        | Noticed a meat berserker
    15 | D        | Noticed a large bag of meat
    16 | D        | Reached XP level 17. HP: 202/202 MP: 17/17
    16 | D        | Reached *** piety under Makhleb
    16 | D        | Noticed a meat berserker
    17 | D        | Killed a meat berserker
    17 | D        | Reached XP level 18. HP: 218/218 MP: 18/18
    18 | D        | Killed a meat berserker
    18 | D        | Reached **** piety under Makhleb
    18 | D        | Killed a meat berserker
    18 | D        | Reached XP level 19. HP: 191/234 MP: 19/19
    18 | D        | Reached ***** piety under Makhleb
    19 | D        | Reached skill level 27 in Throwing
    19 | D        | Noticed a meat berserker
    20 | D        | Reached XP level 20. HP: 250/250 MP: 20/20
    21 | D        | Noticed a destroyer
    21 | D        | Noticed a destroyer
    22 | D        | Noticed a destroyer
    22 | D        | Killed a meat berserker
    22 | D        | Reached skill level 27 in Fighting
    22 | D        | Reached skill level 27 in Axes
    22 | D        | Reached skill level 27 in Armour
    22 | D        | Reached skill level 27 in Dodging
    22 | D        | Noticed a large bag of meat
    22 | D        | Noticed a destroyer
    23 | D        | Reached ****** piety under Makhleb
    23 | D        | Reached XP level 21. HP: 265/265 MP: 20/40
    23 | D        | Killed a large bag of meat
    23 | D        | Noticed a large bag of meat
    23 | D        | Noticed a large bag of meat
    25 | D        | Reached XP level 22. HP: 275/275 MP: 20/51
    25 | D        | Noticed a destroyer
    25 | D        | Noticed a destroyer
    26 | D        | Killed a destroyer
    26 | D        | Reached skill level 27 in Spellcasting
    26 | D        | Reached skill level 15 in Invocations
    26 | D        | Noticed a destroyer
    27 | D        | Noticed a destroyer
    27 | D        | Noticed a destroyer
    28 | D        | Reached XP level 23. HP: 284/284 MP: 21/53
    28 | D        | Reached skill level 15 in Stealth
    29 | D        | Killed a destroyer
    29 | D        | Reached XP level 24. HP: 295/295 MP: 21/53
    29 | D        | Reached skill level 27 in Unarmed Combat
    30 | D        | Noticed a destroyer
    32 | D        | Reached skill level 27 in Invocations
    32 | D        | Killed a destroyer
    33 | D        | Reached skill level 27 in Stealth
    33 | D        | Reached XP level 25. HP: 304/304 MP: 22/53
    39 | D        | Reached XP level 26. HP: 263/314 MP: 24/53
    41 | D        | Reached XP level 27. HP: 323/323 MP: 24/53
    43 | D        | Noticed a destroyer
    44 | D        | Noticed a destroyer
    46 | D        | Killed a destroyer
    49 | D        | Noticed a destroyer
    50 | D        | Killed a large bag of meat
    50 | D        | Killed a destroyer
    51 | D        | Killed a destroyer
    52 | D        | Killed a large bag of meat
    53 | D        | Killed a destroyer
    55 | D        | Killed a large bag of meat
    55 | D        | Noticed a tyrant
    56 | D        | Killed a destroyer
    56 | D        | Killed a destroyer
    56 | D        | Noticed a tyrant
    57 | D        | Killed a destroyer
    57 | D        | Killed a destroyer
    59 | D        | Noticed a meat beast
    59 | D        | Noticed an accursed
    60 | D        | Noticed a large bag of meat
    62 | D        | Killed a destroyer
    63 | D        | Noticed a destroyer
    64 | D        | Killed a tyrant
    66 | D        | Noticed a meat beast
    68 | D        | Killed a destroyer
    68 | D        | Killed a meat beast
    76 | D        | Noticed a destroyer
    78 | D        | Noticed The Servant
    93 | D        | Killed a tyrant
    94 | D        | Killed a destroyer
    96 | D        | Noticed a meat beast
    99 | D        | Killed a large bag of meat
   101 | D        | Noticed a tyrant
   103 | D        | Killed a meat beast
   107 | D        | Noticed a meat beast
   107 | D        | Noticed a large bag of meat
   107 | D        | Noticed a meat beast
   107 | D        | Noticed a meat beast
   107 | D        | Noticed a meat beast
   107 | D        | Noticed a dread
   108 | D        | Killed an accursed
   109 | D        | Killed a meat beast
   110 | D        | Noticed a large bag of meat
   110 | D        | Noticed an accursed
   110 | D        | Noticed a tyrant
   111 | D        | Killed a meat beast
   111 | D        | HP: 11/323 [The Servant/+9 glaive of flaming (114)]
   111 | D        | HP: 3/323 [The Servant/+9 glaive of flaming (8)]
   111 | D        | Noticed a meat beast
   111 | D        | Killed from afar by an observer

Levels and vault maps discovered:
D:        meatsprint

Skill      XL: |  1  2  3  4  5  6  7  8  9 10 11 12 13 14 15 16 17 18 19 20 21 22 23 24 |
---------------+-------------------------------------------------------------------------+-----
Fighting       | 13 15 17 18 20 22 23 25 27 | 27.0
Axes           | 13 15 17 18 20 22 23 25 27 | 27.0
Throwing       | 14 16 18 20 21 23 25 27 | 27.0
Armour         | 13 15 17 18 20 22 23 25 27 | 27.0
Dodging        | 13 15 17 18 20 22 24 25 27 | 27.0
Spellcasting   | 16 26 27 | 27.0
Stealth        | 13 19 27 | 27.0
Unarmed Combat | 19 26 27 | 27.0
Invocations    | 17 24 27 | 27.0
Translocations | |  2.1

Action                   |  1- 3 |  4- 6 |  7- 9 | 10-12 | 13-15 | 16-18 | 19-21 | 22-24 | 25-27 || total
-------------------------+-------+-------+-------+-------+-------+-------+-------+-------+-------++-------
Melee: Executioner's axe |     1 |       |       |       |     2 |     3 |     6 |     5 |    41 ||    58
Invok: Greater Servant o |       |       |       |       |       |       |       |       |     3 ||     3
  Use: Scroll            |       |       |       |       |       |       |       |     1 |       ||     1
       Potion            |       |       |       |       |       |       |       |       |     1 ||     1
Armor: Robe              |       |       |       |       |       |       |       |       |     1 ||     1
Dodge: Dodged            |       |       |       |       |       |     1 |     1 |       |    18 ||    20

Table legend:
 A = Non-vault XP
 B = Vault XP
 C = Vault XP percentage of total XP
 D = Non-vault monster count
 E = Vault monster count
 F = Vault count percentage of total count
                 A         B        C        D         E       F
            +---------+---------+-------+---------+---------+-------
      Total | 2104546 | 1672944 |  44.3 |      56 |      76 |  57.6
            +---------+---------+-------+---------+---------+-------
          D | 2104546 | 1672944 |  44.3 |      56 |      76 |  57.6
            +---------+---------+-------+---------+---------+-------
